Map: 暮色之塔

Players

Quail

  • Race: Protoss Protoss
  • League: Diamond

飞天猪肉 - Winner!

  • Race: Terran Terran
  • League: Diamond

VOD

Have the link to the VOD?

Description

Time

  • Played on: Dec. 7, 2015, 8:43 a.m.
  • Length: 7:06
Show
View Real Time Build Order
Export as new Build Order

Quail Protoss 

Build Orders: 1 Gate Expand 

Get SALT Encoding   

  12  0:01  Probe (Chrono Boost)  
  13  0:11  Probe (Chrono Boost)  
  14  0:17  Pylon  
  14  0:22  Probe (Chrono Boost)  
  15  0:36  Probe (Chrono Boost), Gateway  
  16  0:46  Probe (Chrono Boost), Assimilator  
  18  0:57  Probe (Chrono Boost)  
  18  1:18  Nexus  
  18  1:28  Cybernetics Core  
  18  1:31  Probe (Chrono Boost)  
  19  1:38  Assimilator  
  19  1:42  Probe (Chrono Boost)  
  20  1:52  Probe (Chrono Boost)  
  21  1:54  Pylon  
  21  2:03  Probe (Chrono Boost)  
  22  2:11  Adept (Chrono Boost)  
  22  2:13  Probe (Chrono Boost)  
  24  2:22  Warp Gate  
  24  2:24  Mothership Core (Chrono Boost)  
  26  2:32  Probe  
  26  2:35  Pylon  
  27  2:43  Probe, Adept (Chrono Boost)  
  29  2:45  Probe  
  31  2:53  Probe  
  31  2:57  Probe  
  33  3:04  Probe  
  34  3:09  Probe  
  35  3:14  Probe  
  35  3:16  Adept (Chrono Boost)  
  36  3:21  Probe, Robotics Facility  
  36  3:25  Probe  
  38  3:31  Pylon  
  38  3:33  Probe  
  39  3:40  Adept (Chrono Boost)  
  41  3:43  Probe  
  41  3:45  Probe  
  43  3:48  Pylon  
  43  3:50  Assimilator  
  43  3:54  Probe  
  44  3:55  Assimilator  
  44  3:57  Probe  
  45  4:04  Probe, Adept (Chrono Boost)  
  45  4:08  Observer (Chrono Boost)  
  45  4:09  Probe  
  50  4:14  Twilight Council  
  50  4:15  Probe  
  51  4:22  Probe  
  52  4:25  Probe, Pylon  
  52  4:27  Observer (Chrono Boost)  
  54  4:31  Forge  
  54  4:34  Probe  
  54  4:36  Probe  
  56  4:46  Probe x2  
  56  4:51  Warp Prism (Chrono Boost)  
  60  4:57  Probe  
  60  4:58  Probe  
  62  5:06  Gateway  
  62  5:07  Gateway, Resonating Glaives  
  62  5:09  Gateway  
  62  5:10  Probe  
  62  5:13  Photon Cannon  
  63  5:17  Pylon  
  61  5:29  Adept  
  63  5:41  Immortal (Chrono Boost)  
  67  5:54  Gateway  
  67  5:56  Gateway  
  63  6:00  Adept  
  65  6:06  Pylon  
  65  6:08  Stalker x2  
  69  6:13  Robotics Bay  
  71  6:27  Adept x2  
  71  6:37  Adept x2  
  71  6:41  Gateway  
  71  6:59  Adept x2  
  71  7:00  Pylon  
  57  7:03  Pylon  
Show
View Real Time Build Order
Export as new Build Order

飞天猪肉 Terran - Winner!

Build Orders:  

Get SALT Encoding   

  12  0:11  Supply Depot  
  12  0:13  SCV  
  13  0:25  SCV  
  14  0:34  Barracks  
  14  0:40  Refinery  
  14  0:42  SCV  
  15  0:51  Refinery  
  15  0:54  SCV  
  16  1:06  SCV  
  17  1:20  Barracks  
  17  1:21  Reaper  
  18  1:33  Orbital Command  
  18  1:51  Barracks  
  18  2:06  SCV  
  19  2:12  Reaper  
  19  2:13  Reaper  
  21  2:18  Supply Depot  
  21  2:26  SCV  
  22  2:38  SCV  
  22  2:42  Barracks Tech Lab  
  23  2:50  SCV  
  24  2:51  Factory  
  24  3:08  SCV  
  25  3:19  Supply Depot  
  25  3:20  SCV  
  25  3:21  Stimpack  
  25  3:25  Barracks Reactor  
  26  3:28  Barracks Tech Lab  
  26  3:29  Supply Depot  
  26  3:32  SCV  
  27  3:47  Starport  
  27  3:50  Factory Tech Lab  
  27  3:52  Concussive Shells  
  27  3:55  SCV  
  28  4:02  Supply Depot  
  28  4:03  Marine x2  
  28  4:06  Marauder  
  34  4:10  Marauder  
  34  4:11  Siege Tank  
  34  4:15  SCV  
  38  4:37  Medivac  
  40  4:40  Supply Depot  
  40  4:42  Marine x2  
  40  4:43  Marine  
  40  4:44  Marine  
  40  4:45  Siege Tank  
  47  5:07  Marine  
  47  5:08  Marine, Marauder x2  
  53  5:16  Medivac  
  53  5:17  Siege Tank  
  58  5:25  Marine x2  
  60  5:28  Marine  
  60  5:29  Marine  
  61  5:43  Supply Depot, Marine x2  
  63  6:04  Marine x2  
  63  6:05  Siege Tank  
  66  6:28  Marine x3  
  66  6:29  Marine  
Tags
 
Add a new tag
Caveats
  • Supply blocks, unpowered buildings, or Contaminate may cause inaccurate times.
  • Supply counts are checked every 10 seconds.